 Dungeon Crawl Stone Soup version 0.32-a0-711-g016ad743e0 (webtiles) character file.

Game seed: 1721798426537602899

498 BubbleThief the Chiller (level 7, 0/76 HPs)
             Began as a Barachi Ice Elementalist on Mar 16, 2024.
             Succumbed to Edmund's poison
             ... on level 4 of the Dungeon.
             The game lasted 00:07:25 (3400 turns).

BubbleThief the Chiller (Barachi Ice Elementalist)  Turns: 3400, Time: 00:07:25

Health: 0/76       AC: 31    Str:  9    XL:     7   Next: 16%
Magic:  6/11       EV:  2    Int: 18    God:
Gold:   206        SH:  0    Dex: 12    Spells: 7/14 levels left

rFire   . . .        h - +0 long sword
rCold   . . .        (no shield)
rNeg    . . .        a - melded +0 robe
rPois   +            l - melded +0 helmet
rElec   .            o - melded +0 cloak
rCorr   +            j - melded +0 pair of gloves
SInv    .            (boots currently unavailable)
Will    .....        (no amulet)
Stlth   ++           f - ring of resist corrosion
HPRegen 0.32/turn    (no ring)
MPRegen 0.12/turn

%: no passive effects
@: lethally poisoned (0 -> -11), ice-armoured, tree-form, freezing walls,
attractive
A: stationary, stasis, torment immunity, boosted hp, (amphibious), (slowness 1),
(strong legs 1), +LOS, deterioration 2, low MP 1
a: no special abilities


You were on level 4 of the Dungeon.
You were a tree.
You visited 1 branch of the dungeon, and saw 4 of its levels.
You also visited: Sewer.

You collected 206 gold pieces.

Inventory:

Hand Weapons
 h - a +0 long sword (weapon)
Armour
 a - a +0 robe (melded)
 j - a +0 pair of gloves (melded)
 l - a +0 helmet (melded)
 o - a +0 cloak (melded)
Jewellery
 f - a ring of resist corrosion (left branch)
Wands
 e - a wand of acid (6)
 k - a wand of flame (18)
Scrolls
 d - 3 scrolls of identify
 g - a scroll of blinking
 m - 3 scrolls of teleportation
 q - a scroll of poison {unknown}
Potions
 b - a potion of magic
 c - 3 potions of attraction
 i - 3 potions of mutation
 p - a potion of haste {unknown}
 r - a potion of brilliance {unknown}
 s - a potion of invisibility {unknown}
 t - a potion of heal wounds {unknown}


   Skills:
 + Level 2.6 Fighting
 + Level 2.5 Long Blades
 + Level 3.3 Dodging
 - Level 1.7 Stealth
 - Level 4.0 Spellcasting
 - Level 7.5 Ice Magic


You had 7 spell levels left.
You knew the following spells:

 Your Spells              Type           Power      Damage    Failure   Level
a - Freeze                Ice            100%       1d10      1%          1
b - Frozen Ramparts       Ice            60%        1d10      1%          3
c - Ozocubu's Armour      Ice            30%        N/A       1%          3

Your spell library contained the following spells:

 Spells                   Type           Power      Damage    Failure   Level
 Summon Ice Beast         Ice/Summ       17%        N/A       10%         3
 Shock                    Conj/Air       12%        1d3       14%         1
 Swiftness                Air            3%         N/A       41%         3
 Airstrike                Air            1%         2d(1-17)  82%         4


Dungeon Overview and Level Annotations

Branches:
Dungeon (4/15)              Sewer (visited)
 Temple: D:4-7

Altars:

Annotations:
D:4 Grinder


Innate Abilities, Weirdness & Mutations

You are a tree.
Your roots penetrate the ground, keeping you stationary.
You cannot be teleported.
You are immune to unholy pain and torment.
Your maximum health is greatly increased.
Your equipment is partially melded.
((You are amphibious.))
((You cover ground slowly.))
((You can hop short distances.))
You have an extended range of vision and can be seen from far away.
Your body often deteriorates upon taking damage.
Your magical capacity is low. (-10% MP)


Message History

Aiming: Corrosive Bolt
Press: ? - help, Shift-Dir - straight line, f/p - Edmund
Aim: Edmund, wielding a +4 flail of venom and wearing a +0 leather armour (heavily wounded, 71% to hit)
The bolt of acid hits Edmund!
The acid corrodes Edmund!
Edmund is severely wounded.
The bolt of acid hits the ribbon worm!
The acid corrodes the ribbon worm!
The ribbon worm is severely wounded.
You feel extremely sick.
The wall freezes Edmund!
Edmund hits you with a +4 flail of venom.
* * * LOW HITPOINT WARNING * * *
Unknown command.
Aiming: Corrosive Bolt
Press: ? - help, Shift-Dir - straight line, f/p - Edmund
Aim: Edmund, wielding a +4 flail of venom and wearing a +0 leather armour (almost dead, covered in acid, 71% to hit)
The bolt of acid hits Edmund!
You kill Edmund!
The bolt of acid hits the ribbon worm!
You kill the ribbon worm!
* * * LOW HITPOINT WARNING * * *
You feel very sick.
Your Fighting skill increases to level 2!
Your Long Blades skill increases to level 2!
Your Dodging skill increases to level 3!
You have reached level 7!
Unknown command.
It was a potion of attraction.
You feel attractive to monsters.
* * * LOW HITPOINT WARNING * * *
You feel very sick.
It was a potion of mutation.
You feel extremely strange.
You feel less energetic.
You feel yourself wasting away.
You feel your body start to fall apart.
* * * LOW HITPOINT WARNING * * *
You feel very sick.
It was a potion of lignification.
You turn into a tree.
Your +0 cloak melds into your body.
Your +0 helmet melds into your body.
Your +0 pair of gloves melds into your body.
Your +0 robe melds into your body.
Your roots penetrate the ground.
You die...

.. +......'.....#.>.....
... #......#.....#.......
....#......#.....#.......
....########.....#.......
.................#.....#
.................#.....#
.................#.....#
.................'.....#
........♣........#.....#
!......)#'#####+##...###
........#.......##..†####
........#................
?.......#................
........#................
........#.....[..........
..[.....#................
........#................


There were no monsters in sight!

Vanquished Creatures
  Menkaure (D:4)
  Edmund (D:4)
  A crocodile (Sewer)
  Terence (D:2)
  Ijyb (D:3)
  Robin (D:2)
  2 adders (D:2)
  2 ribbon worms
  An orc (D:3)
  2 bats (D:1)
  3 endoplasms
  2 giant cockroaches (D:2)
  19 goblins
  13 hobgoblins
  7 jackals
  9 kobolds
  2 quokkas
  9 ball pythons
  2 frilled lizards
  5 rats
84 creatures vanquished.

Notes
Turn   | Place    | Note
-------+----------+-------------------------------------------
     0 | D:1      | BubbleThief the Barachi Ice Elementalist began the quest
                  | for the Orb.
     0 | D:1      | Reached XP level 1. HP: 13/13 MP: 3/3
    63 | D:1      | Reached skill level 5 in Ice Magic
   171 | D:1      | Reached XP level 2. HP: 19/19 MP: 1/5
  1006 | D:1      | Reached XP level 3. HP: 24/24 MP: 5/7
  1129 | D:2      | Noticed Robin
  1326 | D:2      | Learned a level 3 spell: Frozen Ramparts
  1328 | D:2      | Killed Robin
  1396 | D:2      | Reached skill level 6 in Ice Magic
  1482 | D:2      | Reached XP level 4. HP: 27/30 MP: 4/8
  1593 | D:2      | Learned a level 3 spell: Ozocubu's Armour
  1691 | D:2      | Noticed Terence
  1700 | D:2      | Killed Terence
  2120 | D:2      | Found a faded altar of an unknown god.
  2131 | D:2      | Reached XP level 5. HP: 29/35 MP: 10/10
  2278 | D:3      | Noticed Ijyb
  2287 | D:3      | Killed Ijyb
  2406 | D:3      | Found a glowing drain.
  2428 | Sewer    | Entered a sewer
  2459 | Sewer    | Reached skill level 7 in Ice Magic
  2495 | Sewer    | Noticed a crocodile
  2509 | Sewer    | Killed a crocodile
  2510 | Sewer    | Reached XP level 6. HP: 41/41 MP: 2/12
  3200 | D:4      | Noticed Menkaure
  3214 | D:4      | Killed Menkaure
  3215 | D:4      | Reached skill level 1 in Fighting
  3215 | D:4      | Reached skill level 1 in Long Blades
  3376 | D:4      | Noticed Grinder
  3392 | D:4      | Noticed Edmund
  3397 | D:4      | Killed Edmund
  3398 | D:4      | Reached XP level 7. HP: 9/51 MP: 5/13
  3399 | D:4      | Gained mutation: Your magical capacity is low. (-10% MP)
                  | [potion of mutation]
  3399 | D:4      | Gained mutation: Your body sometimes deteriorates upon
                  | taking damage. [potion of mutation]
  3399 | D:4      | Gained mutation: Your body often deteriorates upon taking
                  | damage. [potion of mutation]
  3399 | D:4      | HP: 2/51 [poisoned by Edmund]
  3400 | D:4      | Succumbed to Edmund's poison

Illustrated notes

Levels and vault maps discovered:
D:1:      lemuel_arrival_lava_pool, layout_basic
D:2:      minmay_evil_eye, layout_loops_ring,
          hellmonk_ecumenical_altar_crossroads, grunt_ministairs_2,
          dreamdust_wishing_well, minmay_ruptured, uniq_robin, uniq_terence
D:3:      layout_basic, cheibrodos_sewer_entry_bend, uniq_ijyb
D:4:      layout_gridville, uniq_grinder, uniq_duvessa, uniq_menkaure,
          uniq_edmund, uniq_eustachio, uniq_blork_the_orc

Skill      XL: |  1  2  3  4  5  6 |
---------------+-------------------+-----
Ice Magic      | 5 6 7 |  7.5
Spellcasting   | 3 4 |  4.0
Fighting       | 2 |  2.6
Long Blades    | 2 |  2.5
Dodging        | 3 |  3.3
Stealth        | |  1.7

Action                     |  1- 3 |  4- 6 |  7- 9 || total
---------------------------+-------+-------+-------++-------
  Melee: Long sword        |     1 |    34 |       ||    35
   Cast: Freeze            |    49 |    29 |       ||    78
         Frozen Ramparts   |     2 |    12 |       ||    14
         Ozocubu's Armour  |       |     4 |       ||     4
  Evoke: Wand              |       |     8 |       ||     8
    Use: Scroll            |       |     4 |       ||     4
         Potion            |       |       |     3 ||     3
   Stab: Sleeping          |       |     3 |       ||     3
 Armour: Robe              |    19 |    35 |       ||    54
  Dodge: Dodged            |    29 |    23 |       ||    52

Table legend: (Time is in decaauts)
 A = Elapsed time spent in this place.
 B = Non-inter-level travel time spent in this place.
 C = Inter-level travel time spent in this place.
 D = Time resting spent in this place.
 E = Time spent auto-exploring this place.
 F = Levels seen in this place.
 G = Mean time per level.
                   A        B        C        D        E       F      G
               +--------+--------+--------+--------+--------+-----+--------+
         Total |   3837 |   3672 |    165 |      3 |   3026 |   5 |  767.4 |
       Dungeon |   3582 |   3417 |    165 |      3 |   2827 |   4 |  895.5 |
         Sewer |    254 |    254 |      0 |      0 |    199 |   1 |  254.0 |
               +--------+--------+--------+--------+--------+-----+--------+

Top non-repeatable levels by time:
     D:1: 1333 daAuts
     D:2: 1160 daAuts
     D:3: 854 daAuts
   Sewer: 254 daAuts
     D:4: 234 daAuts
